 Seeded DCSS version 0.29-a0-472-ge5599a681e (webtiles) character file.

Game seed: 5070638151313211060 (custom seed)

3 bwicke the Skirmisher (level 1, -1/12 (18) HPs)
             Began as a Demonspawn Fighter on May 23, 2022.
             Slain by a goblin
             ... wielding a +1 dagger of draining
              (3 damage)
             ... on level 1 of the Dungeon.
             The game lasted 00:00:37 (91 turns).

bwicke the Skirmisher (Demonspawn Fighter)            Turns: 91, Time: 00:00:37

HP:   -1/12 (18)    AC:  6    Str: 16    XL:     1   Next: 41%
MP:   1/1           EV:  8    Int:  9    God:
Gold: 10            SH:  4    Dex: 12    Spells: 0/0 levels left

rFire   . . .      SeeInvis .   a - +0 trident
rCold   . . .      Faith    .   c - +0 buckler
rNeg    . . .      Spirit   .   b - +0 scale mail
rPois   .          Reflect  .   (no helmet)
rElec   .          Harm     .   (no cloak)
rCorr   .          Rampage  .   (no gloves)
Will    .....                   (no boots)
Stlth   ..........              (no amulet)
HPRegen 0.04/turn               (no ring)
MPRegen 0.07/turn               (no ring)

@: flying, very heavily drained
A: no striking features
a: no special abilities


You were on level 1 of the Dungeon.
You visited 1 branch of the dungeon, and saw 1 of its levels.

You collected 10 gold pieces.

Inventory:

Hand Weapons
 a - a +0 trident (weapon)
Armour
 b - a +0 scale mail (worn)
 c - a +0 buckler (worn)
Potions
 d - a potion of might


   Skills:
 - Level 3.0 Fighting
 + Level 2.1 Polearms
 - Level 2.6 Armour
 - Level 2.6 Shields


You couldn't memorise any spells.
You didn't know any spells.
Your spell library was empty.

Dungeon Overview and Level Annotations

Branches:
Dungeon (1/15)

Altars:


Message History

The ball python constricts you. The ball python completely misses you.
The ball python constricts you.
You closely miss the ball python.
The ball python is moderately wounded.
The ball python bites you but does no damage.
The ball python constricts you.
The ball python bites you but does no damage.
The ball python constricts you.
You barely miss the ball python.
The ball python is moderately wounded.
The ball python bites you but does no damage.
The ball python constricts you.
You closely miss the ball python.
The ball python is moderately wounded.
The ball python bites you but does no damage.
The ball python constricts you. The ball python bites you.
The ball python constricts you.
You puncture the ball python!
You kill the ball python!
Your Polearms skill increases to level 2!
You completely miss the goblin. The goblin barely misses you.
You block the goblin's attack.
You puncture the goblin!
You kill the goblin!
You hit the goblin but do no damage. You block the goblin's attack.
You hit the goblin.
The goblin is heavily wounded.
The goblin hits you with a +1 dagger of draining.
* * * LOW HITPOINT WARNING * * *
You feel drained.
* * * LOW HITPOINT WARNING * * *
Unknown command.
It was a potion of flight.
You feel very buoyant.
You fly up into the air.
The goblin hits you but does no damage.
You feel drained.
You barely miss the goblin.
The goblin is heavily wounded.
The goblin hits you with a +1 dagger of draining.
You die...

############
#..........#
########.########.#
#........# #.....
#.######## #.#.##
#.## #.#... #..#
♣.♣♣.. ##.# ♣♣.♣.♣
#@# ♣♣.♣♣ #g# #.♣♣
#.g.# ♣♣.♣♣ .......
♣♣.♣ #.#.....# ♣♣.
#.##....# ♣♣ #
...... ♣ .......
........


You could see a hobgoblin and a goblin.

Vanquished Creatures
  An endoplasm (D:1)
  A goblin (D:1)
  A ball python (D:1)
3 creatures vanquished.

Notes
Turn   | Place    | Note
-------+----------+-------------------------------------------
     0 | D:1      | bwicke the Demonspawn Fighter began the quest for the Orb.
     0 | D:1      | Reached XP level 1. HP: 18/18 MP: 1/1
    91 | D:1      | Slain by a goblin

Illustrated notes

Levels and vault maps discovered:
D:1:      nagdon_arrival_zigzag_paths, layout_loops_ring,
          dreamdust_ecumenical_altar_angels_and_demons

Skill      XL: |  1 |
---------------+----+-----
Polearms       | 2 |  2.1
Fighting       | |  3.0
Armour         | |  2.6
Shields        | |  2.6

Action                   || total
-------------------------++-------
Melee: Trident           ||    15
  Use: Potion            ||     1
Armor: Scale mail        ||     7
Dodge: Dodged            ||     4
Block: Buckler           ||     2

Table legend: (Time is in decaauts)
 A = Elapsed time spent in this place.
 B = Non-inter-level travel time spent in this place.
 C = Inter-level travel time spent in this place.
 D = Time resting spent in this place.
 E = Time spent auto-exploring this place.
 F = Levels seen in this place.
 G = Mean time per level.
                   A        B        C        D        E       F      G
               +--------+--------+--------+--------+--------+-----+--------+
         Total |     94 |     94 |      0 |      0 |     68 |   1 |   94.0 |
       Dungeon |     94 |     94 |      0 |      0 |     68 |   1 |   94.0 |
               +--------+--------+--------+--------+--------+-----+--------+

Top non-repeatable levels by time:
     D:1: 94 daAuts
